 Dungeon Crawl Stone Soup version 0.24.0-7-gb3623d2c88 (webtiles) character file.

Game seed: 2326803973485068405, levelgen mode: deterministic

33152 magipi the Cleaver (level 13, 0/126 HPs)
             Began as a Deep Dwarf Fighter on Nov 2, 2019.
             Was a High Priest of Makhleb.
             Slain by an orc warrior
             ... wielding a +0 glaive
             ... led by an orc warlord
              (34 damage)
             ... on level 2 of the Orcish Mines.
             The game lasted 01:12:28 (9784 turns).

magipi the Cleaver (Deep Dwarf Fighter)             Turns: 9784, Time: 01:12:28

Health: 0/126      AC: 18    Str: 22    XL:     13   Next: 35%
Magic:  1/1        EV:  4    Int: 12    God:    Makhleb [*****.]
Gold:   854        SH:  9    Dex: 12    Spells: 12/12 levels left

rFire    + . .     SeeInvis .   a - +1 war axe
rCold    + . .     Gourm    .   G - +0 shield
rNeg     . . .     Faith    .   S - +4 plate armour {rF+}
rPois    .         Spirit   .   (no helmet)
rElec    .         Reflect  .   (no cloak)
rCorr    .         Harm     .   (no gloves)
MR       +....                  (no boots)
Stlth    ..........             (no amulet)
HPRegen  0.00/turn              s - +2 ring of slaying
MPRegen  0.07/turn              c - ring of protection from cold

@: non-regenerating, lightly drained
A: damage resistance, heal wounds, sense surroundings 2, no regeneration
a: Heal Wounds, Minor Destruction, Lesser Servant of Makhleb, Major Destruction,
Greater Servant of Makhleb, Renounce Religion


You were on level 2 of the Orcish Mines.
You worshipped Makhleb.
Makhleb was extremely pleased with you.
You were hungry.

You visited 4 branches of the dungeon, and saw 21 of its levels.
You also visited: Ice Cave.

You collected 1555 gold pieces.
You spent 701 gold pieces at shops.

Inventory:

Hand Weapons
 a - a +1 war axe (weapon)
 b - a +0 morningstar
   (You took it off an orc on level 9 of the Dungeon)
 d - the cursed +1 demon blade "Japsel" {freeze, Int+3 Dex+3, unknown}
   (You found it in an ice cave)

   It has been specially enchanted to freeze those struck by it, causing extra
   injury to most foes and up to half again as much damage against particularly
   susceptible opponents.
   It can also slow down cold-blooded creatures.
   It affects your intelligence (+3).
   It affects your dexterity (+3).
   It has a curse placed upon it.
 H - a +0 demon trident of freezing
   (You found it in an ice cave)
Missiles
 q - 3 silver javelins
 t - 3 throwing nets (quivered)
Armour
 G - a +0 shield (worn)
 S - a +4 plate armour of fire resistance (worn)
   (You bought it in a shop on level 11 of the Dungeon)
Jewellery
 c - a ring of protection from cold (right hand)
   (You found it on level 3 of the Lair of Beasts)
 p - an uncursed ring of poison resistance
   (You found it on level 7 of the Dungeon)
 s - a +2 ring of slaying (left hand)
   (You found it on level 6 of the Lair of Beasts)
Wands
 y - a wand of acid (4)
   (You found it on level 11 of the Dungeon)
 z - a wand of scattershot (5)
   (You found it on level 4 of the Dungeon)
 B - a wand of random effects (16)
   (You found it on level 3 of the Lair of Beasts)
 D - a wand of flame (5)
   (You found it on level 10 of the Dungeon)
 U - a wand of digging (6)
   (You found it on level 11 of the Dungeon)
Scrolls
 e - a scroll of teleportation
 g - 3 scrolls of enchant weapon
 j - 2 scrolls of identify
 l - 2 scrolls of magic mapping
 m - 6 scrolls of remove curse
 x - 3 scrolls of immolation {unknown}
 A - a scroll of blinking
 C - a scroll of fog
 F - a scroll of fear
 I - a scroll of vulnerability {unknown}
 K - a scroll of noise {unknown}
 M - 2 scrolls of brand weapon {unknown}
Potions
 h - a potion of mutation
 i - 2 potions of magic
 k - a potion of lignification
 n - a potion of resistance
 r - 8 potions of curing
 u - 3 potions of haste
 E - a potion of ambrosia
 J - a potion of brilliance
 L - 5 potions of might
 O - a potion of heal wounds
 Q - 2 potions of flight
Miscellaneous
 P - a phial of floods (inert)
   (You found it on level 6 of the Lair of Beasts)
 T - a box of beasts
Comestibles
 f - 31 rations
 o - 3 chunks of flesh


   Skills:
 + Level 10.8(10.7) Fighting
 + Level 14.7(14.5) Axes
 - Level 10.0(9.8) Armour
 - Level 3.2(3.1) Shields
 + Level 10.8(10.7) Invocations
 + Level 10.9(10.7) Evocations


You had 12 spell levels left.
You didn't know any spells.
Your spell library contained the following spells:

 Spells                   Type           Power        Failure   Level  Hunger
 Animate Skeleton         Necr           N/A          100%        1    ##.....
 Corona                   Hex            #......      100%        1    ##.....
 Pain                     Necr           #...         100%        1    ##.....
 Shock                    Conj/Air       #...         100%        1    ##.....
 Ensorcelled Hibernation  Hex/Ice        #.....       100%        2    ###....
 Swiftness                Chrm/Air       #.......     100%        2    ###....
 Confuse                  Hex            #.......     100%        3    ####...
 Dazzling Spray           Conj/Hex       #.....       100%        3    ####...
 Static Discharge         Conj/Air       #.......     100%        3    ####...
 Tukima's Dance           Hex            #.......     100%        3    ####...
 Vampiric Draining        Necr           #.........   100%        3    ####...
 Airstrike                Air            #.........   100%        4    #####..
 Animate Dead             Necr           N/A          100%        4    #####..
 Bolt of Magma            Conj/Fire/Erth #.........   100%        5    ######.
 Iskenderun's Battlesphe  Conj/Chrm      #.......     100%        5    ######.
 Lightning Bolt           Conj/Air       #.........   100%        5    ######.
 Venom Bolt               Conj/Pois      #.........   100%        5    ######.
 Iron Shot                Conj/Erth      #.........   100%        6    #######
 Orb of Destruction       Conj           #.........   100%        7    #######
 Spellforged Servitor     Conj/Summ      #.........   100%        7    #######
 Regeneration             Chrm/Necr      Unusable     N/A         3    N/A

Dungeon Overview and Level Annotations

Branches:
Dungeon (12/15)            Temple (1/1) D:4            Lair (6/6) D:10
 Shoals (0/4) Lair:2        Snake (0/4) Lair:3          Orc (2/2) D:12
    Elf (0/3) Orc:2         IceCv (visited)
  Slime: Lair:5-6

Altars:
Ashenzari
Dithmenos
Elyvilon
Fedhas
Gozag
Hepliaklqana
Makhleb
Qazlal
Ru
Sif Muna
Trog
Uskayaw
Vehumet
Wu Jian
Xom
Yredelemnul
Zin

Shops:
D:11 [   Orc:2 *

Annotations:
D:4 exclusion: statue
Lair:5 exclusion: 5 oklob plants


Innate Abilities, Weirdness & Mutations

You are resistant to damage.
You can heal yourself by infusing magical energy.
You passively map the area around you.
You do not regenerate.


Message History

A demon appears!
A demon appears!
Your neqoxec gestures at the orc warlord.
The orc warlord twists and deforms.
Unknown command.
What are your orders? t - Shout!
Orders for allies: a - Attack new target. r - Retreat! s - Stop attacking. g - Guard the area. f - Follow me.
Anything else - Cancel.
Gang up on whom?
Press: ? - help, Dir - move target cursor, f - orc warlord
Aim: an orc warlord, wielding a +0 war axe and wearing a +7 plate armour of ponderousness (misshapen and mutated) Attack!
Your juvenile fireshock beast bursts into living lightning!
The living lightning misses the orc warlord.
The living lightning hits the orc!
The orc dies!
Makhleb accepts your kill.
Your juvenile fireshock beast blinks!
Unknown command.
Unknown command.
Evoke which item? (* to show all) (? for menu, Esc to quit)
Aiming: Corrosive Bolt
Press: ? - help, Shift-Dir - straight line, f/p - orc warlord
Aim: an orc warlord, wielding a +0 war axe and wearing a +7 plate armour of ponderousness (misshapen and mutated)
The bolt of acid hits the orc warlord!
The orc warlord is splashed with acid.
The orc warlord is lightly wounded.
Your juvenile fireshock beast bursts into living lightning!
The living lightning hits the orc warlord!
Your juvenile fireshock beast blinks!
Your ynoxinul gestures at the orc warlord.
The iron shot hits the orc warlord!!
Evoke which item? (* to show all) (? for menu, Esc to quit)
Aiming: Corrosive Bolt
Press: ? - help, Shift-Dir - straight line, f/p - orc warlord
Aim: an orc warlord, wielding a +0 war axe and wearing a +7 plate armour of ponderousness (heavily wounded, misshapen and mutated)
The bolt of acid hits the orc warlord!
The orc warlord is splashed with acid!
The acid corrodes the orc warlord!
The orc warlord is severely wounded.
Your juvenile fireshock beast bursts into living lightning!
The living lightning hits the orc warlord.
Your juvenile fireshock beast blinks!
Unknown command.
Unknown command.
Unknown command.
Your juvenile fireshock beast breathes flames at the orc warlord.
The blast of flame hits the orc warlord!!
Unknown command.
Unknown command.
You block the orc warrior's attack.
Your ynoxinul gestures.
The orc closely misses your ynoxinul.
Your neqoxec closely misses the orc warlord.
Unknown command.
The orc warlord hits your juvenile fireshock beast but does no damage.
The orc warlord hits your neqoxec but does no damage.
Your juvenile fireshock beast hits the orc warlord!
The orc warrior hits your ynoxinul with a +0 short sword!!
The orc warrior hits you with a +0 glaive!
Your neqoxec barely misses the orc warlord.
Unknown command.
You hit the orc warrior but do no damage.
Your plate armour prevents you from hitting the orc.
The orc warlord hits your juvenile fireshock beast with a +0 war axe!!
The orc warlord hits your neqoxec with a +0 war axe!
Your juvenile fireshock beast breathes flames at the orc warlord.
The blast of flame hits the orc warlord!!
The orc warlord dies!
Makhleb accepts your kill.
Your ynoxinul hits the orc warrior but does no damage.
The orc warrior hits your ynoxinul with a +0 short sword!
Your ynoxinul dies!
Your ufetubus disappears in a puff of smoke! x2
You block the orc's attack.
Your neqoxec gestures.
Unknown command.
You hit the orc warrior.
The orc warrior is lightly wounded.
You barely miss the orc. You hit the orc but do no damage.
The orc warrior hits you with a +0 glaive.
* * * LOW HITPOINT WARNING * * *
The orc barely misses you.
Your juvenile fireshock beast hits the orc warrior but does no damage.
Unknown command.
Unknown command.
You hit the orc warrior but do no damage.
The orc warrior is lightly wounded.
You slash the orc!
You kill the orc!
Makhleb accepts your kill.
You slash the orc!
You kill the orc!
Makhleb accepts your kill.
You feel better.
The orc warrior hits you from afar with a +0 halberd.
* * * LOW HITPOINT WARNING * * *
The orc warrior hits you with a +0 glaive!!!
You die...

##.### * ,, .. , #....###
....... *, * #......# *
.......### * ,
####......#####........#### ,
###^.#..5.)...#...........#..
..#.........H5..#...........#..
.......÷...)o35.............#..
,
#....<.)<..o.).§......#........
,
.......>.÷#.oo@.......##.[[....
.........###.).......###..[<[..
*
..........##..........##.)[)...
#............∩........#..).....
.....o.........................
................#..........##..
...##...........##..........##.
*##........####.##......#### *
##.......# #####....## #


You could see 3 orc warriors, an orc, a friendly juvenile fireshock beast, a
friendly neqoxec, a friendly iron imp, a friendly white imp and a friendly
ufetubus.

Vanquished Creatures
  Nessos (Lair:4)
  A catoblepas (Lair:6)
  3 two-headed ogres
  An orc knight (Orc:1)
  A manticore (D:12)
  2 elephants (Lair:6)
  2 ice statues (IceCv)
  4 black mambas
  4 spiny frogs
  4 komodo dragons
  4 ice devils (IceCv)
  A polar bear (Lair:6)
  5 trolls
  A merfolk (D:10)
  3 blink frogs (Lair:5)
  5 hippogriffs
  A wraith (D:12)
  A wyvern (Lair:6)
  24 yaks
  2 basilisks
  A hungry ghost (D:10)
  4 wargs
  10 water moccasins
  3 porcupines
  11 ice beasts
  5 sky beasts
  17 orc warriors
  3 black bears
  4 centaurs
  11 wolves
  6 ogres
  11 crocodiles
  14 bullfrogs
  A wyvern zombie (D:8)
  5 scorpions
  9 killer bees
  2 howler monkeys (D:8)
  3 crimson imps
  A quasit (D:9)
  2 bullfrog zombies
  11 orc priests
  6 hounds
  17 orc wizards
  7 jellies
  3 centaur skeletons
  4 iguanas
  A bullfrog skeleton (D:8)
  2 hell rats (Lair:3)
  8 worker ants
  A worker ant zombie (D:9)
  4 gnolls (D:6)
  23 adders
  2 shadow imps
  6 white imps (IceCv)
  12 ufetubi (IceCv)
  An adder skeleton (D:4)
  3 worms
  2 dart slugs
  4 leopard geckos
  62 orcs
  6 giant cockroaches
  7 goblins
  3 hobgoblins
  10 jackals (D:2)
  4 quokkas
  A ball python (D:1)
  A ball python skeleton (D:4)
  16 bats
  9 frilled lizards
  A jackal skeleton (D:4)
  6 kobolds
  A quokka skeleton (D:6)
  6 rats
  6 fungi
  A plant (Lair:3)
450 creatures vanquished.

Vanquished Creatures (collateral kills)
  An orc warlord (Orc:2)
  A hydra (Lair:6)
  A deep troll shaman (Lair:6)
  4 death yaks (Lair:6)
  Nergalle (Orc:1)
  An orc knight (Orc:1)
  An ugly thing (D:11)
  An orc sorcerer (Orc:2)
  An elephant (Lair:6)
  2 spiny frogs (Lair:6)
  A komodo dragon (Lair:6)
  A hippogriff (Lair:6)
  An orc wizard (D:11)
  An orc (Orc:2)
18 creatures vanquished.

Vanquished Creatures (others)
  A reaper (IceCv)
  3 white imps (IceCv)
  2 ufetubi (IceCv)
  An orc (Orc:2)
  A bush (Lair:3)
  5 fungi
  9 plants
  5 toadstools (D:10)
27 creatures vanquished.

Grand Total: 495 creatures vanquished

Notes
Turn   | Place    | Note
-------+----------+-------------------------------------------
     0 | D:1      | magipi the Deep Dwarf Fighter began the quest for the Orb.
     0 | D:1      | Reached XP level 1. HP: 20/20 MP: 1/1
    79 | D:1      | Reached XP level 2. HP: 24/27 MP: 2/2
   106 | D:1      | Reached skill level 3 in Axes
   371 | D:2      | Reached XP level 3. HP: 28/34 MP: 3/3
   653 | D:2      | Reached skill level 4 in Axes
   671 | D:2      | Found a faded altar of an unknown god.
   675 | D:2      | Reached XP level 4. HP: 27/42 MP: 4/4
  1112 | D:3      | Found a shadowy altar of Dithmenos.
  1203 | D:3      | Reached XP level 5. HP: 40/50 MP: 5/5
  1228 | D:3      | Reached skill level 5 in Axes
  1238 | D:3      | Found a shimmering altar of Xom.
  1715 | D:5      | Entered Level 5 of the Dungeon
  1747 | D:5      | Found an ornate altar of the Wu Jian Council.
  1753 | D:5      | Reached XP level 6. HP: 31/57 MP: 5/5
  1766 | D:5      | Reached skill level 6 in Axes
  1839 | D:5      | Found a hide-covered altar of Uskayaw.
  1851 | D:5      | Found a glowing silver altar of Zin.
  1854 | D:5      | Found an opulent altar of Gozag.
  1857 | D:5      | Found a sacrificial altar of Ru.
  1894 | D:5      | Noticed an ice beast
  1905 | D:5      | Killed an ice beast
  2019 | D:6      | Reached skill level 7 in Axes
  2019 | D:6      | Reached XP level 7. HP: 59/66 MP: 4/4
  2058 | D:6      | Reached skill level 5 in Fighting
  2145 | D:6      | Reached skill level 8 in Axes
  2269 | D:6      | Reached XP level 8. HP: 47/75 MP: 4/4
  2668 | D:7      | Reached skill level 9 in Axes
  2810 | D:7      | Got a twisted scale mail
  2821 | D:7      | Identified the +1 scale mail "Axtuhaisch" {Str+5} (You
                  | found it on level 7 of the Dungeon)
  2924 | D:7      | Found a bloodstained altar of Trog.
  2924 | D:7      | Found a stormy altar of Qazlal.
  3071 | D:6      | Found a blossoming altar of Fedhas.
  3293 | D:4      | Found a hazy altar of Hepliaklqana.
  3350 | D:4      | Found a radiant altar of Vehumet.
  3358 | D:4      | Found a staircase to the Ecumenical Temple.
  3368 | Temple   | Entered the Ecumenical Temple
  3384 | Temple   | Became a worshipper of Makhleb the Destroyer
  3684 | D:8      | Reached skill level 10 in Axes
  3729 | D:8      | Found a shattered altar of Ashenzari.
  3766 | D:8      | Gained mutation: You passively map the area around you.
                  | [Deep Dwarf growth]
  3766 | D:8      | Reached XP level 9. HP: 45/85 MP: 4/4
  3773 | D:8      | Reached * piety under Makhleb
  3785 | D:8      | Reached skill level 11 in Axes
  4209 | D:9      | Reached skill level 12 in Axes
  4327 | D:9      | Reached ** piety under Makhleb
  4358 | D:9      | Reached XP level 10. HP: 81/96 MP: 4/4
  4583 | D:9      | Reached skill level 1 in Invocations
  4583 | D:9      | Reached skill level 1 in Evocations
  4638 | D:10     | Entered Level 10 of the Dungeon
  4689 | D:10     | Reached skill level 13 in Axes
  4729 | D:10     | Found a staircase to the Lair.
  5148 | D:11     | Noticed a two-headed ogre
  5161 | D:11     | Killed a two-headed ogre
  5259 | Lair:1   | Entered Level 1 of the Lair of Beasts
  5479 | Lair:2   | Noticed a black mamba
  5490 | Lair:2   | Killed a black mamba
  5648 | Lair:3   | Reached skill level 5 in Armour
  5652 | Lair:3   | Reached *** piety under Makhleb
  5653 | Lair:3   | Noticed a black mamba
  5657 | Lair:4   | Noticed an eight-headed hydra
  5672 | Lair:4   | Noticed a six-headed hydra
  5704 | Lair:3   | Noticed a black mamba
  5715 | Lair:3   | Killed a black mamba
  5715 | Lair:3   | Reached XP level 11. HP: 33/104 MP: 6/6
  6033 | Lair:4   | Reached skill level 14 in Axes
  6033 | Lair:4   | Reached skill level 5 in Invocations
  6033 | Lair:4   | Reached skill level 5 in Evocations
  6057 | Lair:4   | Noticed Nessos
  6075 | Lair:4   | Killed Nessos
  6115 | Lair:5   | Found a hide-covered altar of Uskayaw.
  6157 | Lair:5   | Noticed an oklob plant
  6157 | Lair:5   | Noticed an oklob plant
  6157 | Lair:5   | Noticed an oklob plant
  6157 | Lair:5   | Noticed an oklob plant
  6243 | Lair:6   | Entered Level 6 of the Lair of Beasts
  6382 | Lair:6   | Found a frozen archway.
  6535 | IceCv    | Entered an ice cave
  6561 | IceCv    | Reached **** piety under Makhleb
  6662 | IceCv    | Killed a reaper
  6765 | IceCv    | Reached XP level 12. HP: 47/116 MP: 2/2
  6852 | IceCv    | Got a polished demon blade
  6861 | IceCv    | HP: 5/116 [something (7)]
  7007 | Lair:6   | Reached skill level 10 in Fighting
  7147 | Lair:6   | Noticed a catoblepas
  7147 | Lair:6   | Noticed a death yak
  7152 | Lair:6   | Noticed a death yak
  7163 | Lair:6   | Noticed a death yak
  7167 | Lair:6   | Killed a catoblepas
  7168 | Lair:6   | Noticed a death yak
  7176 | Lair:6   | Killed a death yak
  7185 | Lair:6   | Killed a death yak
  7199 | Lair:6   | Killed a death yak
  7206 | Lair:6   | Killed a death yak
  7252 | Lair:6   | Noticed a deep troll shaman
  7258 | Lair:6   | Killed a deep troll shaman
  7263 | Lair:6   | Noticed an eight-headed hydra
  7272 | Lair:6   | Killed an eight-headed hydra
  7522 | Lair:4   | Found a basalt altar of Yredelemnul.
  7632 | Lair:3   | Reached skill level 10 in Invocations
  7632 | Lair:3   | Reached skill level 10 in Evocations
  7845 | Lair:3   | Found a staircase to the Snake Pit.
  7932 | Lair:3   | Reached skill level 10 in Armour
  8079 | Lair:2   | Found a staircase to the Shoals.
  8140 | Lair:1   | Noticed a four-headed hydra
  8429 | D:11     | Noticed a two-headed ogre
  8445 | D:11     | Killed a two-headed ogre
  8775 | D:11     | Found Vunituenid's Armour Emporium.
  8785 | D:11     | Bought a +4 plate armour of fire resistance for 650 gold
                  | pieces
  8841 | D:11     | Reached XP level 13. HP: 82/124 MP: 2/2
  9075 | D:12     | Found a staircase to the Orcish Mines.
  9121 | Orc:1    | Entered Level 1 of the Orcish Mines
  9238 | Orc:1    | You fall into a shaft and drop 1 floor!
  9238 | Orc:2    | Entered Level 2 of the Orcish Mines
  9240 | Orc:2    | Noticed an orc warlord
  9253 | Orc:1    | Noticed Nergalle
  9257 | Orc:1    | Killed Nergalle
  9453 | Orc:2    | Found a staircase to the Elven Halls.
  9491 | Orc:1    | Reached ***** piety under Makhleb
  9698 | Orc:2    | Found Caupen's General Store.
  9707 | Orc:2    | Bought a scroll of teleportation for 51 gold pieces
  9782 | Orc:2    | Killed an orc warlord
  9784 | Orc:2    | Slain by an orc warrior

Levels and vault maps discovered:
D:1:      minmay_arrival_three_doors, layout_rooms,
          ebering_dispersal_statue_hall
D:2:      layout_basic, first_ration, chequers_ecumenical_altar_simple,
          serial_bayou_pond_c
D:3:      layout_basic, lemuel_round_altar, nicolae_overflow_crystal_walls
D:4:      layout_layer_cave, old_standard_altar, vehumet_statue,
          minmay_temple_entry_mist, bh_walls_and_bars
D:5:      layout_cave_pods, grunt_temple_overflow_cloverleaf, basic_altar,
          serial_column_ruins, column_ruins_open_tiny, column_ruins_open_medium,
          column_ruins_open_tiny, column_ruins_grid_2, kennysheep_generic_room_4
D:6:      layout_cave_pods, overflow_temple_1_default, serial_column_ruins,
          column_ruins_square_medium, column_ruins_square_large,
          column_ruins_corridor_dead_end, column_ruins_corridor_straight,
          column_ruins_open_small, column_ruins_open_tiny,
          hangedman_minor_gate_pass
D:7:      layout_basic, gammafunk_temple_overflow_pools
D:8:      layout_rooms, evilmike_ruin_ashenzari
D:9:      layout_loops_ring
D:10:     layout_loops_ring, lair_entry_dummy, hangedman_fish_farm,
          minmay_gold_behind_fungi
D:11:     layout_loops_corners, serial_shops, nicolae_shop_window_shopping
D:12:     layout_layer_cave, david_orc_3, serial_shops, nicolae_shop_crystal
Temple:   zaba_magenta_temple
Lair:1:   layout_loops_ring
Lair:2:   layout_regular_city, shoals_dummy_entry
Lair:3:   layout_loops_ring, minmay_snake_entry_six_corridors,
          infiniplex_staircase_pool_2, lemuel_fruit_tree
Lair:4:   cheibrodos_lair_river_kwai, layout_cave_pods, basic_altar, uniq_nessos
Lair:5:   layout_regular_city, minmay_slime_entry_oklob_open, basic_altar,
          grunt_megastairs_5, minmay_lair_oklob_chamber, serial_bayou_shore_a
Lair:6:   grunt_lair_end_beastmaster, layout_concentric_octagons,
          portal_ice_cave_entry_ice_beasts
Orc:1:    layout_caves, lightli_orcish_oven, uniq_nergalle
Orc:2:    st_orc_rangers, layout_diamond_mine, serial_shops, shop,
          minmay_orc_temple_b, uniq_josephine

Skill      XL: |  1  2  3  4  5  6  7  8  9 10 11 12 |
---------------+-------------------------------------+-----
Axes           | 3 4 5 7 8 10 12 13 14 | 14.7
Fighting       | 3 4 5 6 8 9 10 | 10.8
Invocations    | 4 7 10 | 10.8
Evocations     | 4 7 10 | 10.9
Armour         | 5 7 10 | 10.0
Shields        | |  3.2

Action                   |  1- 3 |  4- 6 |  7- 9 | 10-12 | 13-15 || total
-------------------------+-------+-------+-------+-------+-------++-------
Melee: War axe           |   142 |   159 |   346 |   927 |   241 ||  1815
       Unarmed           |       |       |    38 |       |       ||    38
Throw: Throwing net      |       |       |       |     1 |       ||     1
Invok: Lesser Servant of |       |       |       |    11 |     3 ||    14
 Abil: Heal Wounds       |       |     4 |    13 |    37 |    11 ||    65
Evoke: Wand              |       |       |     1 |     4 |     4 ||     9
       Box of beasts     |       |       |       |       |     1 ||     1
       Phial of floods   |       |       |       |       |     1 ||     1
  Use: Scroll            |       |    11 |     3 |    12 |     1 ||    27
       Potion            |       |       |     4 |    12 |     1 ||    17
 Stab: Confused          |       |       |     1 |       |     1 ||     2
       Invisible         |       |       |       |     1 |       ||     1
       Paralysed         |       |       |       |    11 |       ||    11
       Distracted        |       |       |       |     3 |       ||     3
  Eat: Chunk             |       |     4 |     8 |    17 |     3 ||    32
Armor: Scale mail        |    95 |    53 |    59 |   287 |       ||   494
       Chain mail        |       |    13 |    63 |       |       ||    76
       Skin              |       |       |    40 |       |       ||    40
       Plate armour      |       |       |       |     4 |   120 ||   124
Dodge: Dodged            |    46 |    63 |    79 |   199 |    34 ||   421
Block: Shield            |    98 |    71 |   190 |   372 |   113 ||   844

Action                   |  1- 3 |  4- 6 |  7- 9 | 10-12 | 13-15 || total
-------------------------+-------+-------+-------+-------+-------++-------
Melee: War axe           |   142 |   159 |   346 |   927 |   241 ||  1815
       Unarmed           |       |       |    38 |       |       ||    38
Throw: Throwing net      |       |       |       |     1 |       ||     1
Invok: Lesser Servant of |       |       |       |    11 |     3 ||    14
 Abil: Heal Wounds       |       |     4 |    13 |    37 |    11 ||    65
Evoke: Wand              |       |       |     1 |     4 |     4 ||     9
       Box of beasts     |       |       |       |       |     1 ||     1
       Phial of floods   |       |       |       |       |     1 ||     1
  Use: Scroll            |       |    11 |     3 |    12 |     1 ||    27
       Potion            |       |       |     4 |    12 |     1 ||    17
 Stab: Confused          |       |       |     1 |       |     1 ||     2
       Invisible         |       |       |       |     1 |       ||     1
       Paralysed         |       |       |       |    11 |       ||    11
       Distracted        |       |       |       |     3 |       ||     3
  Eat: Chunk             |       |     4 |     8 |    17 |     3 ||    32
Armor: Scale mail        |    95 |    53 |    59 |   287 |       ||   494
       Chain mail        |       |    13 |    63 |       |       ||    76
       Skin              |       |       |    40 |       |       ||    40
       Plate armour      |       |       |       |     4 |   120 ||   124
Dodge: Dodged            |    46 |    63 |    79 |   199 |    34 ||   421
Block: Shield            |    98 |    71 |   190 |   372 |   113 ||   844
